cohdb
Replays
Latest Replays
All Replays
Popular Replays
Top Player Replays
Match Explorer
How It Works
Community
CoH3 Stats
Reddit
Sign in to upload your games and track your stats! →
Sign in with Steam
Match 20734415
Unlisted
Match 20734415
Overview
Messages
Build Orders
End
Kradschützen Motorcycle Team
Panzergrenadier Squad
Panzergrenadier Squad
Construct Light Support Kompanie
Fire Support Elements
Selects Italian Infantry
Selects Guastatori Squad
Selects L6/40 Light Tank Combat Group
L6/40 Light Tank Combat Group
2.5-tonne Medical Truck
Panzerjäger Mechanized Group
Construct Panzerarmee Kommand
Vehicle Survival Package
Selects Towed Cannone da 105/28 Field Howitzer
spaceisfun
DirtyDan
Jimbo Rustles
ChevyDad
Neo
Mr. AAAAAAYYYle
0
0
Comments
sign in to comment!
No comments posted yet!